 Dungeon Crawl Stone Soup version 0.17.2-1-ge4368a0 (webtiles) character file.

36 ololoev the Covered (level 3, 24/29 HPs)
             Began as a Demonspawn Fighter on July 25, 2016.
             Quit the game on level 4 of the Dungeon.
             The game lasted 00:01:55 (222 turns).

ololoev the Covered (Demonspawn Fighter)             Turns: 222, Time: 00:01:55

Health: 24/29      AC:  6    Str: 17    XL:     3   Next: 19%
Magic:  3/3        EV:  9    Int:  9    God:
Gold:   9          SH:  0    Dex: 12    Spells: 0 memorised, 2 levels left

rFire  . . .     SeeInvis .     a - +0 war axe
rCold  . . .     Clarity  .     b - +0 scale mail
rNeg   . . .     SustAt   .     (no shield)
rPois  .         Gourm    .     (no helmet)
rElec  .         Spirit   +     (no cloak)
rCorr  .         Warding  .     (no gloves)
rMut   .         Stasis   .     (no boots)
MR     .....                    (no amulet)
Stlth  ..........               (no ring)
                                (no ring)

@: not resistant to hostile enchantments, extremely unstealthy
A: hooves 1, magic shield
a: no special abilities


Innate Abilities, Weirdness & Mutations

You have large cloven feet.
When hurt, damage is shared between your health and your magic reserves.

Inventory:

Hand Weapons
 a - a +0 war axe (weapon)
Armour
 b - a +0 scale mail (worn)
Wands
 i - a wand of digging (11)
Scrolls
 c - a scroll of blinking {unknown}
 f - a scroll of teleportation {unknown}
 g - a scroll of identify {unknown}
 h - a scroll of remove curse {unknown}
Potions
 d - a potion of might
Comestibles
 e - a bread ration


   Skills:
 - Level 3.0 Fighting
 * Level 2.8 Axes
 + Level 3.2 Armour
   Level 2.6 Shields


You had 2 spell levels left.
You didn't know any spells.


You were on level 4 of the Dungeon.
You were not hungry.

You visited 1 branch of the dungeon, and saw 4 of its levels.

You collected 9 gold pieces.

#... #... #..#
############# #..#
#...$.......#
#..####...........#
#...†.............#
#.#####....$......#
#.##...........#
#<##.......@...#
####...........#
#...........#
#......)....#
#...........#
#...........#
#######+#####

Notes
Turn   | Place    | Note
--------------------------------------------------------------
     0 | D:1      | ololoev the Demonspawn Fighter began the quest for the Orb.
     0 | D:1      | Reached XP level 1. HP: 18/18 MP: 1/1
    99 | D:1      | Gained mutation: When hurt, damage is shared between your health and your magic reserves. [demonic ancestry]
    99 | D:1      | Reached XP level 2. HP: 16/24 MP: 2/2
   217 | D:4      | Gained mutation: You have large cloven feet. [demonic ancestry]
   217 | D:4      | Reached XP level 3. HP: 24/29 MP: 3/3
   222 | D:4      | Quit the game

Dungeon Overview and Level Annotations

Branches:
Dungeon (4/15)
 Temple: D:4-7

Altars:


Message History

h - a scroll labeled RARGHE WEHUNNYMOUZ
(D) Dungeon
Where to? (? - help)
Things that are here:
a club; a hobgoblin corpse
There is a stone staircase leading down here.
You climb downwards.
There is a stone staircase leading up here.
A quokka comes into view.
The quokka completely misses you. The quokka closely misses you.
Found 6 gold pieces.
You hit the quokka.
The quokka is moderately wounded.
The quokka closely misses you.
You slash the quokka!
You kill the quokka!
Found 12 gold pieces and a jewelled iron wand.
You see here a quokka corpse.
A hound skeleton comes into view.
Found a hunting sling.
The hound skeleton closely misses you.
You slash the hound skeleton!
The hound skeleton completely misses you.
The hound skeleton bites you but does no damage.
You hit the hound skeleton but do no damage.
The hound skeleton barely misses you.
Your scale mail prevents you from hitting the hound skeleton.
The hound skeleton barely misses you.
The hound skeleton bites you but does no damage.
You slash the hound skeleton!
You destroy the hound skeleton!
You have reached level 3!
Your experience leads to an increase in your attributes!
Increase (S)trength, (I)ntelligence, or (D)exterity?
You feel stronger.
You feel monstrous as your demonic heritage exerts itself.
Your demonic ancestry asserts itself...
Your feet thicken and deform.
i - a wand of digging Are you sure you want to abandon this character and quit the game? (Confirm with "yes".)

There were no monsters in sight!

Vanquished Creatures
  A hound skeleton (D:4)
  An adder (D:3)
  A bat (D:1)
  2 hobgoblins
  A giant cockroach (D:1)
  A giant newt (D:2)
  7 goblins
  A kobold (D:3)
  2 quokkas
  A rat (D:2)
18 creatures vanquished.

Action                   || total
-------------------------++-------
Melee: War axe           ||    40

Vault maps used:
D:1:      scummos_arrival_gate, st_stairs_14, kennysheep_nondescript,
          serial_bayou_lagoon_a, tso_metal_star
D:4:      gammafunk_temple_overflow_wave, minmay_temple_entry_glass,
          uniq_crazy_yiuf_cottage
